 Dungeon Crawl Stone Soup version 0.17.0-1-g61d176b (webtiles) character file.

42 inmateoo the Ducker (level 3, 0/15 HPs)
             Began as a Felid Transmuter on Nov 7, 2015.
             Slain by a jackal (2 damage)
             ... on level 1 of the Dungeon.
             The game lasted 00:02:15 (1286 turns).

inmateoo the Ducker (Felid Transmuter)              Turns: 1286, Time: 00:02:15

Health: 0/15       AC:  1    Str:  6    XL:     3   Next: 33%
Magic:  2/7        EV: 19    Int: 14    God:
Gold:   4          SH:  0    Dex: 17    Spells: 2 memorised, 3 levels left
                                        Lives:  0   Deaths: 0

rFire  . . .     SeeInvis +       - Unarmed
rCold  . . .     Clarity  .     (armour unavailable)
rNeg   . . .     SustAt   .     (shield unavailable)
rPois  .         Gourm    .     (helmet unavailable)
rElec  .         Spirit   .     (cloak unavailable)
rCorr  .         Warding  .     (gloves unavailable)
rMut   .         Stasis   .     (boots unavailable)
MR     .....                    (no amulet)
Stlth  ++........               (no ring)
                                (no ring)

@: appendage (expiring), very slightly contaminated, quick, not resistant to
hostile enchantments, unstealthy
A: no armour, no weapons or thrown items, claws 1, fangs 3, horns 2, see
invisible, carnivore 3, speed 1, shaggy fur 1, slow metabolism 1, sharp paws
a: End Transformation


You were on level 1 of the Dungeon.
You were very full.
You had grown temporary horns.
You visited 1 branch of the dungeon, and saw 2 of its levels.

You collected 4 gold pieces.

Inventory:

Missiles
 a - 11 arrows
Scrolls
 e - a scroll of enchant armour {unknown}
 f - a scroll of random uselessness {unknown}
 h - a scroll of identify {unknown}
Potions
 d - a potion of lignification {unknown}
 g - a potion of curing {unknown}
Books
 b - a book of Changes

   Spells                             Type                      Level
   a - Beastly Appendage              Transmutation                1
   b - Sticks to Snakes               Transmutation                2
   c - Spider Form                    Transmutation/Poison         3
   d - Ice Form                       Ice/Transmutation            4
   e - Blade Hands                    Transmutation                5
Comestibles
 c - 2 meat rations


   Skills:
 + Level 1.3 Fighting
 + Level 3.6 Dodging
 * Level 3.4 Unarmed Combat
 + Level 2.2 Spellcasting
 + Level 2.5 Transmutations


You had 3 spell levels left.
You knew the following spells:

 Your Spells              Type           Power        Failure   Level  Hunger
a - Beastly Appendage     Trmt           #.....       10%         1    #......
b - Sticks to Snakes      Trmt           #.........   14%         2    ###....


Dungeon Overview and Level Annotations

Branches:
Dungeon (2/15)

Altars:


Innate Abilities, Weirdness & Mutations

You cannot wear armour.
You are incapable of wielding weapons or throwing items.
You have sharp claws.
You have razor-sharp teeth.
You have supernaturally acute eyesight.
You are carnivorous and can eat meat at any time.
You cover ground quickly.
You are covered in fur (AC +1).
You have a slow metabolism.
Your sharp claws are effective at attacking unaware monsters.
You have a pair of horns on your head.


Message History

Confirm with . or Enter, or press ? or * to list all spells.
You create a snake!
The hobgoblin shouts!
The jackal closely misses you.
Unknown command.
Something closely misses the goblin. x2
The jackal closely misses you.
You scratch the jackal but do no damage.
You headbutt the jackal. Your bite misses the jackal.
The jackal is moderately wounded.
Something closely misses the goblin.
Something grabs the goblin.
The goblin is constricted.
The goblin struggles to escape constriction.
The jackal closely misses you.
Something bites the goblin.
The goblin is constricted.
You barely miss the jackal. Your headbutt misses the jackal.
The jackal is moderately wounded.
Your transformation is almost over.
The goblin hits something with a club.
The jackal bites you.
You die...

## #.#.### #####.### #.#
.######.#.# #.....#######.##
##......#.#### ##.###.#........##
.#..)........# #..###.#..........
.#...........###.###..#..........
.#.#.........#...###.##>......#..
.#............................#..
##.#.......g.#.###............##.
...#............@......#####)....
####....).......h#####.# #.)###
#............## #.## #..#
#....)....##g## #..# ##..#
#####..###..###.S# ##.###...#
#............###.######.....#.#
#.###).......# #...g.†###†..#.#
.........)...# ######†####).#.#
.##..#.......# #...##..#.#


You could see a jackal, a hobgoblin and a goblin.

Vanquished Creatures
  4 bats (D:1)
  2 giant cockroaches (D:1)
  4 goblins
  2 hobgoblins (D:1)
  5 jackals (D:1)
  11 kobolds (D:1)
  A ball python (D:1)
  3 giant newts
  4 rats (D:1)
36 creatures vanquished.

Notes
Turn   | Place    | Note
--------------------------------------------------------------
     0 | D:1      | inmateoo the Felid Transmuter began the quest for the Orb.
     0 | D:1      | Reached XP level 1. HP: 9/9 MP: 4/4
   459 | D:2      | Reached XP level 2. HP: 12/12 MP: 6/6
   726 | D:1      | Learned a level 2 spell: Sticks to Snakes
   979 | D:1      | Reached XP level 3. HP: 12/15 MP: 5/7
  1286 | D:1      | Slain by a jackal

Action                   || total
-------------------------++-------
Melee: Unarmed           ||   103
 Cast: Beastly Appendage ||     7
       Sticks to Snakes  ||     1
  Eat: Chunk             ||     8
